Construct Infanterie Kompanie
Construct Infanterie Kompanie
Construct Panzergrenadier Kompanie
Pak 40 Anti-tank Gun Team
Nebelwerfer 42 Rocket Launcher Team
Selects Luftwaffe Battlegroup
Selects Luftwaffe Pioneer Support
Selects Flak 38 Anti-Air Emplacement
Selects Reconnaissance Run
Selects Infantry Reserves
Selects Fallschirmjäger Squad Paradrop
Fallschirmjäger Squad Paradrop
Construct Panzer Kompanie
Selects Fragmentation Bombs